 Dungeon Crawl Stone Soup version 0.26-a0-812-g31a745ddcd (webtiles) character file.

Game seed: 5589636675769255250

36 dmks the Conjurer (level 3, -4/21 HPs)
             Began as an Octopode Conjurer on Nov 14, 2020.
             Slain by Crazy Yiuf
             ... wielding a +2 quarterstaff of chaos
              (12 damage)
             ... on level 2 of the Dungeon.
             The game lasted 00:04:35 (2030 turns).

dmks the Conjurer (Octopode Conjurer)               Turns: 2030, Time: 00:04:35

Health: -4/21      AC:  1    Str:  6    XL:     3   Next: 37%
Magic:  1/6        EV: 13    Int: 21    God:
Gold:   103        SH:  0    Dex: 10    Spells: 3/6 levels left

rFire    . . .     SeeInvis .   (no weapon)
rCold    . . .     Faith    .   (no shield)
rNeg     + . .     Spirit   .   (helmet restricted)
rPois    .         Reflect  .   (no amulet)
rElec    .         Harm     .   h - ring of positive energy
rCorr    .         Rampage  .   (no ring)
MR       .....                  (no ring)
Stlth    +++.......             (no ring)
HPRegen  0.07/turn              (no ring)
MPRegen  0.10/turn              (no ring)
                                (no ring)
                                (no ring)

@: lethally poisoned (-4 -> -24)
A: almost no armour, stealthy swim, amphibious, 8 rings, constrict 8, camouflage
1, gelatinous body 1
a: no special abilities


You were on level 2 of the Dungeon.
You visited 1 branch of the dungeon, and saw 2 of its levels.

You collected 103 gold pieces.

Inventory:

Jewellery
 h - a ring of positive energy (left tentacle)
   (You found it on level 1 of the Dungeon)
Scrolls
 c - 3 scrolls of identify {unknown}
 d - a scroll of teleportation {unknown}
 f - 3 scrolls of remove curse {@r2}
 g - a scroll of noise {unknown}
 i - a scroll of fear {unknown}
Potions
 a - 2 potions of lignification {unknown}
 b - 2 potions of haste {unknown}
 e - 3 potions of heal wounds {unknown}


   Skills:
 + Level 2.4 Dodging
 + Level 3.4 Stealth
 + Level 2.3 Spellcasting
 * Level 4.4 Conjurations


You had 3 spell levels left.
You knew the following spells:

 Your Spells              Type           Power        Failure   Level
a - Magic Dart            Conj           ###.         2%          1
s - Searing Ray           Conj           ###...       3%          2

Your spell library contained the following spells:

 Spells                   Type           Power        Failure   Level
 Dazzling Flash           Conj/Hex       ##....       17%         3
 Fulminant Prism          Conj/Hex       ##........   50%         4
 Iskenderun's Mystic Bla  Conj/Tloc      ##......     50%         4


Dungeon Overview and Level Annotations

Branches:
Dungeon (2/15)

Altars:

Annotations:
D:2 Crazy Yiuf, Sigmund


Innate Abilities, Weirdness & Mutations

You cannot wear most types of armour.
You are very stealthy in the water. (Stealth+)
You are amphibious.
You can wear up to eight rings at the same time.
You can use your tentacles to constrict eight enemies at once.
Your skin changes colour to match your surroundings (Stealth+).
Your rubbery body absorbs attacks. (AC +1, EV +1)


Message History

You now have 103 gold pieces (gained 11).
e - 3 blue potions (gained 1)
Found a mace.
Crazy Yiuf shouts!
Found a dagger.
Found a stone staircase leading down.
You see here a dagger.
There is a stone staircase leading down here.
Found 16 poisoned darts.
There is a shaft here.
A goblin comes into view. It is wielding a +0 club.
A goblin is nearby!
Aim: a goblin, wielding a +0 club (asleep)
The magic dart hits the goblin.
You kill the goblin!
You can't see any susceptible monsters within range! (Use Z to cast anyway.)
There is a shaft here.
There is a stone staircase leading down here.
You see here a dagger.
Crazy Yiuf shouts!
Crazy Yiuf grits, "Ten!"
Memorise Searing Ray, consuming 2 spell levels and leaving 3?
You start memorising the spell.
You continue memorising. x2
You finish memorising.
Spell assigned to 's'.
Crazy Yiuf glowers.
Crazy Yiuf says, "Crazy?
Crazy!?
PORCUPINE!"
You open the door.
You don't know that spell.
Aim: Crazy Yiuf, wielding a +2 quarterstaff of chaos and wearing a +0 cloak The magic dart hits Crazy Yiuf.
Crazy Yiuf barely misses you.
Aim: Crazy Yiuf, wielding a +2 quarterstaff of chaos and wearing a +0 cloak (lightly wounded)
The magic dart hits Crazy Yiuf.
Crazy Yiuf screams, "Goldfish pontify snockshim!"
Crazy Yiuf closely misses you.
Aim: Crazy Yiuf, wielding a +2 quarterstaff of chaos and wearing a +0 cloak (moderately wounded)
The magic dart hits Crazy Yiuf.
Crazy Yiuf closely misses you.
Aim: Crazy Yiuf, wielding a +2 quarterstaff of chaos and wearing a +0 cloak (moderately wounded)
The magic dart hits Crazy Yiuf.
Crazy Yiuf says, "Shadow!"
Crazy Yiuf hits you with a +2 quarterstaff of chaos!
Ouch! That really hurt!
* * * LOW HITPOINT WARNING * * *
You are lethally poisoned!
Aim: Crazy Yiuf, wielding a +2 quarterstaff of chaos and wearing a +0 cloak (heavily wounded)
The magic dart hits Crazy Yiuf.
* * * LOW HITPOINT WARNING * * *
You feel sick. Crazy Yiuf hits you but does no damage.
You are electrocuted!
Ouch! That really hurt!
You die...

.......=<# .........#
((.......# #.......##
#.###.### #..#..#
##.#.#####♣♣ ###
##.........♣♣ ♣♣#..)#
..[..#......♣♣♣♣@g...#
##...##......♣..♣#...#
#...###....♣.♣♣♣ ###
#...#####♣♣♣♣♣
#.....## ###.....##
#........# #.##.....#
#.##.....#


You could see Crazy Yiuf.

Vanquished Creatures
  A worm (D:2)
  A dart slug (D:2)
  A giant cockroach (D:1)
  5 goblins
  3 hobgoblins (D:1)
  10 jackals (D:1)
  2 bats
  A frilled lizard (D:1)
  2 rats (D:1)
26 creatures vanquished.

Notes
Turn   | Place    | Note
-------+----------+-------------------------------------------
     0 | D:1      | dmks the Octopode Conjurer began the quest for the Orb.
     0 | D:1      | Reached XP level 1. HP: 11/11 MP: 3/3
   393 | D:1      | Reached XP level 2. HP: 10/17 MP: 1/5
  1307 | D:1      | Reached XP level 3. HP: 21/21 MP: 2/6
  1543 | D:2      | Noticed Sigmund
  1898 | D:2      | Found a runed translucent door.
  1899 | D:2      | Noticed Crazy Yiuf
  2023 | D:2      | Learned a level 2 spell: Searing Ray
  2030 | D:2      | Slain by Crazy Yiuf

Illustrated notes

Levels and vault maps discovered:
D:1:      co_arrival_random_square_maze, layout_loops_corners,
          minmay_tetromino_t2
D:2:      layout_rooms, uniq_sigmund, uniq_crazy_yiuf_cottage

Skill      XL: |  1  2 |
---------------+-------+-----
Stealth        | 3 |  3.4
Dodging        | |  2.4
Spellcasting   | |  2.3
Conjurations   | |  4.4

Action                   || total
-------------------------++-------
Melee: Unarmed           ||    19
       Constrict         ||     6
       Tentacles         ||     2
 Cast: Magic Dart        ||    59
  Use: Scroll            ||     1
Armor: Skin              ||     2
Dodge: Dodged            ||    36

Table legend: (Time is in decaauts)
 A = Elapsed time spent in this place.
 B = Non-inter-level travel time spent in this place.
 C = Inter-level travel time spent in this place.
 D = Time resting spent in this place.
 E = Time spent auto-exploring this place.
 F = Levels seen in this place.
 G = Mean time per level.
                   A        B        C        D        E       F      G
               +--------+--------+--------+--------+--------+-----+--------+
         Total |   2028 |   1996 |     32 |    449 |   1303 |   2 | 1014.0 |
       Dungeon |   2028 |   1996 |     32 |    449 |   1303 |   2 | 1014.0 |
               +--------+--------+--------+--------+--------+-----+--------+

Top non-repeatable levels by time:
     D:1: 1531 daAuts
     D:2: 496 daAuts
